Capitals vs Nordiques

Created - 25 mars 2016 at 08:25

Goals
1 2 3 T
Capitals 0 1 1 2
Nordiques 3 1 1 5
Shots
1 2 3 T
Capitals 9 3 14 26
Nordiques 11 6 14 31

1st period

1. Nordiques , Alexei Kovalev 19 (Niclas Wallin, Chris Drury) at 9:44
2. Nordiques , R.J. Umberger 34 (Fedor Tyutin) at 14:20
3. Nordiques , Dustin Byfuglien 12 (Vaclav Prospal, Mark Eaton) at 18:39

Penalties :
Marek Zidlicky (Was) for Tripping (Minor) at 2:45

2nd period

4. Nordiques , R.J. Umberger 35 (Chris Drury, Fedor Tyutin) at 10:12
5. Capitals , Jakub Voracek 17 (Tyler Johnson) at 15:32

Penalties :
Niklas Kronwall (Que) for Holding (Minor) at 2:43, Fedor Tyutin (Que) for Hooking (Minor) at 10:41, Pavel Datsyuk (Was) for Interference (Minor) at 18:22

3rd period

6. Capitals , Pavel Datsyuk 35 (Johan Franzen) at 2:13 (PP)
7. Nordiques , Matt Moulson 17 (Vaclav Prospal, Dustin Byfuglien) at 13:54

Penalties :
Jarret Stoll (Que) for Hooking (Minor) at 2:07, Brad Richards (Was) for Roughing (Minor) at 2:49, Dustin Byfuglien (Que) for Slashing (Minor) at 6:11, Miroslav Satan (Que) for Hooking (Minor) at 8:16, Thomas Vanek (Was) for Slashing (Minor) at 14:10

Goalie Stats

Jaroslav Halak (Was), 9 saves from 13 shots - (0,692), L, 29-26-6, 30:12 minutes
Tim Thomas (Was), 17 saves from 18 shots - (0,944), 29:48 minutes
Martin Brodeur (Que), 24 saves from 26 shots - (0,923), W, 24-27-6, 60:00 minutes

Players Stats for Capitals

Player Name              G  A  P  +/- PIM S  H  SB GA TA FO     MP     PP MP  PK MP  
------------------------------------------------------------------------------------
Brad Richards            0  0  0  -1  2   0  1  0  1  0  10/14  15:38   0:04   0:56 
Brent Seabrook           0  0  0  -3  0   3  3  1  2  1  0/0    29:43   5:07   4:27 
Brian Campbell           0  0  0  -2  0   1  1  1  0  0  0/0    21:29   2:55   3:29 
Carl Hagelin             0  0  0  -1  0   0  0  0  0  0  0/0     5:36   0:00   0:00 
David Krejci             0  0  0   0  0   0  0  0  0  0  0/0     0:00   0:00   0:00 
Jakub Voracek            1  0  1   0  0   2  1  0  1  1  0/0    14:33   0:04   0:00 
James Neal               0  0  0   0  0   1  3  1  0  0  0/0    16:10   0:04   1:27 
Johan Franzen            0  1  1  -1  0   2  0  0  0  0  1/1    17:12   4:39   2:09 
Keith Yandle             0  0  0  -1  0   0  0  0  0  0  0/0     7:16   0:00   0:29 
Marek Zidlicky           0  0  0  -2  2   2  2  1  0  0  0/0    20:46   2:55   2:26 
Mark Giordano            0  0  0   1  0   0  0  1  0  0  0/0     9:22   0:00   0:34 
Mark Streit              0  0  0  -1  0   3  2  0  2  0  0/0    31:44   5:07   4:27 
Patrik Elias             0  0  0  -1  0   1  3  2  0  0  0/0    18:14   3:19   4:20 
Pavel Datsyuk            1  0  1  -3  2   5  1  2  0  0  21/43  25:06   4:39   3:05 
Phil Kessel              0  0  0  -2  0   0  3  1  0  0  0/0    15:57   3:19   0:00 
Ryan Callahan            0  0  0  -1  0   3  3  1  1  0  1/3    12:49   3:19   2:32 
Thomas Vanek             0  0  0  -2  2   3  0  0  3  0  2/2    19:16   4:39   1:20 
Tyler Johnson            0  1  1   0  0   0  2  0  0  0  0/4    11:09   0:00   0:03 

Players Stats for Nordiques

Player Name              G  A  P  +/- PIM S  H  SB GA TA FO     MP     PP MP  PK MP  
------------------------------------------------------------------------------------
Alexei Kovalev           1  0  1   3  0   5  0  0  0  1  2/3    17:18   4:22   0:00 
Chris Drury              0  2  2   3  0   3  2  0  0  0  16/27  19:16   4:22   1:08 
Dustin Byfuglien         1  1  2   2  2   2  2  0  0  0  0/2    15:12   3:32   0:00 
Fedor Tyutin             0  2  2   4  2   2  3  1  0  1  0/0    28:02   5:11   3:47 
Jarret Stoll             0  0  0   0  2   2  4  0  0  0  4/8    12:00   0:02   2:16 
Kyle Calder              0  0  0  -1  0   0  2  0  1  1  0/0    12:21   0:02   1:49 
Mark Eaton               0  1  1   4  0   2  1  2  0  1  0/0    28:50   5:11   5:09 
Matt Moulson             1  0  1   2  0   1  3  0  0  0  0/0    15:00   3:32   0:06 
Miroslav Satan           0  0  0  -1  2   0  1  0  0  0  0/0    10:53   0:02   1:29 
Niclas Wallin            0  1  1   0  0   0  0  0  0  1  0/0    20:28   2:45   3:04 
Niklas Kronwall          0  0  0   0  2   0  0  1  0  0  0/0    11:23   0:00   0:00 
Nikolai Kulemin          0  0  0   0  0   2  0  0  0  0  0/0     9:17   0:00   0:00 
Pascal Dupuis            0  0  0   0  0   1  0  1  0  2  0/0    14:09   0:00   4:38 
R.J. Umberger            2  0  2   3  0   7  3  1  0  0  5/13   21:47   4:22   4:38 
Rich Peverley            0  0  0  -1  0   1  2  0  0  0  2/4     8:57   0:00   0:00 
Shane Hnidy              0  0  0   0  0   0  0  0  0  1  0/0    11:49   0:00   1:11 
Toni Lydman              0  0  0   0  0   2  0  1  0  2  0/0    20:17   2:45   2:53 
Vaclav Prospal           0  2  2   2  0   1  2  0  1  0  3/10   14:54   3:32   0:00 

3 Stars

1 - R.J. Umberger (Que)
2 - Fedor Tyutin (Que)
3 - Chris Drury (Que)

Power Play

Capitals - 1 on 5 Attempt(s) - 20,00%
Nordiques - 0 on 4 Attempt(s) - 0,00%

Penalty Kill

Capitals - 4 on 4 Attempt(s) - 100,00% - Score 0 goal in Penalty Kill
Nordiques - 4 on 5 Attempt(s) - 80,00% - Score 0 goal in Penalty Kill

Team Stat

Capitals - Hits : 25 - Faceoff Wins : 35 - Blocked Shots : 11 - Penalty Minutes : 8
Nordiques - Hits : 25 - Faceoff Wins : 32 - Blocked Shots : 7 - Penalty Minutes : 10

Official

Referees : Leggo Mike and Dwyer Gord
Linesman : Brian Mach and Scott Driscoll

Game Notes

Tim Thomas enters game at 10:12 of 2nd period

Finance

Level 1 -- Attendance: 3078 (51,30%) -- Ticket Income 369 360 $
Level 2 -- Attendance: 2598 (51,96%) -- Ticket Income 194 850 $
Level 3 -- Attendance: 953 (47,65%) -- Ticket Income 47 650 $
Level 4 -- Attendance: 1600 (40,00%) -- Ticket Income 64 000 $
Luxury Box -- Attendance: 708 (70,80%) -- Ticket Income 127 440 $
Game was played at the Centre Videotron.
Total Attendance: 8937 (49,65%)
Total Ticket Income: 803 300 $
Other Income: 120 495 $
Total Income: 923 795 $

Capitals

5 vs 5 Forward 
   Center                   Left Wing                Right Wing               Time % Phy DF OF 
 1 Pavel Datsyuk            Thomas Vanek             Phil Kessel              40     1   2  2  
 2 Brad Richards            James Neal               Jakub Voracek            30     1   2  2  
 3 Tyler Johnson            Patrik Elias             Johan Franzen            20     1   2  2  
 4 Pavel Datsyuk            Carl Hagelin             Ryan Callahan            10     1   2  2  

5 vs 5 Defense 
   Defense                  Defense                                           Time % Phy DF OF 
 1 Brent Seabrook           Mark Streit                                       40     1   2  2  
 2 Marek Zidlicky           Brian Campbell                                    30     1   2  2  
 3 Mark Streit              Mark Giordano                                     20     1   2  2  
 4 Keith Yandle             Brent Seabrook                                    10     1   2  2  

PowerPlay Forward 
   Center                   Left Wing                Right Wing               Time % Phy DF OF 
 1 Pavel Datsyuk            Thomas Vanek             Johan Franzen            60     1   2  2  
 2 Ryan Callahan            Patrik Elias             Phil Kessel              40     1   2  2  

PowerPlay Defense
   Defense                  Defense                                           Time % Phy DF OF 
 1 Brent Seabrook           Mark Streit                                       60     1   2  2  
 2 Marek Zidlicky           Brian Campbell                                    40     1   2  2  

Penalty Kill 4 Players Forward 
   Center                   Wing                     Time % Phy DF OF 
 1 Pavel Datsyuk            Patrik Elias             60     1   2  2  
 2 Thomas Vanek             Johan Franzen            40     1   2  2  

Penalty Kill 4 Players Defense
   Defense                  Defense                  Time % Phy DF OF 
 1 Brent Seabrook           Mark Streit              60     1   2  2  
 2 Marek Zidlicky           Brian Campbell           40     1   2  2  

Penalty Kill - 3 Players Forward 
   Forward                                           Time % Phy DF OF 
 1 Pavel Datsyuk                                     60     1   2  2  
 2 Thomas Vanek                                      40     1   2  2  

Penalty Kill - 3 Players Defense
   Defense                  Defense                  Time % Phy DF OF 
 1 Brent Seabrook           Mark Streit              60     1   2  2  
 2 Marek Zidlicky           Brian Campbell           40     1   2  2  

4 vs 4 Forward 
   Center                   Wing                     Time % Phy DF OF 
 1 Pavel Datsyuk            James Neal               60     1   2  2  
 2 Thomas Vanek             Johan Franzen            40     1   2  2  

4 vs 4 Defense
   Defense                  Defense                  Time % Phy DF OF 
 1 Brent Seabrook           Mark Streit              60     1   2  2  
 2 Marek Zidlicky           Brian Campbell           40     1   2  2  

Last Minutes Offensive
   Center                   Left Wing                Right Wing               Defense                  Defense                  
   Pavel Datsyuk            Thomas Vanek             Johan Franzen            Brent Seabrook           Mark Streit              

Last Minutes Defensive
   Center                   Left Wing                Right Wing               Defense                  Defense                  
   Pavel Datsyuk            Thomas Vanek             Johan Franzen            Brent Seabrook           Mark Streit              

Goaltenders
Starting : Jaroslav Halak           
Backup : Tim Thomas               

Extra Forwards
Normal : Jakub Voracek, James Neal, Ryan Callahan - PP : Jakub Voracek, James Neal - PK : Ryan Callahan
Extra Defensemen
Normal : Brent Seabrook, Mark Giordano, Keith Yandle - PP : Mark Streit - PK : Mark Giordano, Keith Yandle
Penalty Shots
Pavel Datsyuk, Jakub Voracek, Thomas Vanek, Johan Franzen, Patrik Elias

Nordiques

5 vs 5 Forward 
   Center                   Left Wing                Right Wing               Time % Phy DF OF 
 1 Chris Drury              R.J. Umberger            Alexei Kovalev           40     1   2  2  
 2 Vaclav Prospal           Matt Moulson             Dustin Byfuglien         30     1   2  2  
 3 Rich Peverley            Kyle Calder              Miroslav Satan           20     1   2  2  
 4 Jarret Stoll             Nikolai Kulemin          Pascal Dupuis            10     1   2  2  

5 vs 5 Defense 
   Defense                  Defense                                           Time % Phy DF OF 
 1 Fedor Tyutin             Mark Eaton                                        40     1   3  1  
 2 Toni Lydman              Niclas Wallin                                     30     1   3  1  
 3 Niklas Kronwall          Shane Hnidy                                       20     1   3  1  
 4 Fedor Tyutin             Mark Eaton                                        10     1   3  1  

PowerPlay Forward 
   Center                   Left Wing                Right Wing               Time % Phy DF OF 
 1 Chris Drury              R.J. Umberger            Alexei Kovalev           60     1   2  2  
 2 Vaclav Prospal           Matt Moulson             Dustin Byfuglien         40     1   2  2  

PowerPlay Defense
   Defense                  Defense                                           Time % Phy DF OF 
 1 Fedor Tyutin             Mark Eaton                                        60     1   2  2  
 2 Toni Lydman              Niclas Wallin                                     40     1   2  2  

Penalty Kill 4 Players Forward 
   Center                   Wing                     Time % Phy DF OF 
 1 R.J. Umberger            Pascal Dupuis            60     1   2  2  
 2 Jarret Stoll             Miroslav Satan           40     1   2  2  

Penalty Kill 4 Players Defense
   Defense                  Defense                  Time % Phy DF OF 
 1 Fedor Tyutin             Mark Eaton               60     1   2  2  
 2 Toni Lydman              Niclas Wallin            40     1   2  2  

Penalty Kill - 3 Players Forward 
   Forward                                           Time % Phy DF OF 
 1 R.J. Umberger                                     60     1   2  2  
 2 Chris Drury                                       40     1   2  2  

Penalty Kill - 3 Players Defense
   Defense                  Defense                  Time % Phy DF OF 
 1 Fedor Tyutin             Mark Eaton               60     1   2  2  
 2 Toni Lydman              Niclas Wallin            40     1   2  2  

4 vs 4 Forward 
   Center                   Wing                     Time % Phy DF OF 
 1 R.J. Umberger            Chris Drury              60     1   2  2  
 2 Vaclav Prospal           Alexei Kovalev           40     1   2  2  

4 vs 4 Defense
   Defense                  Defense                  Time % Phy DF OF 
 1 Fedor Tyutin             Mark Eaton               60     1   2  2  
 2 Toni Lydman              Niclas Wallin            40     1   2  2  

Last Minutes Offensive
   Center                   Left Wing                Right Wing               Defense                  Defense                  
   Chris Drury              R.J. Umberger            Alexei Kovalev           Fedor Tyutin             Mark Eaton               

Last Minutes Defensive
   Center                   Left Wing                Right Wing               Defense                  Defense                  
   Chris Drury              R.J. Umberger            Pascal Dupuis            Fedor Tyutin             Mark Eaton               

Goaltenders
Starting : Martin Brodeur           
Backup : Julien Ellis             

Extra Forwards
Normal : Chris Drury, Alexei Kovalev, R.J. Umberger - PP : Chris Drury, R.J. Umberger - PK : Pascal Dupuis
Extra Defensemen
Normal : Niklas Kronwall, Shane Hnidy, Toni Lydman - PP : Niklas Kronwall - PK : Shane Hnidy, Toni Lydman
Penalty Shots
R.J. Umberger, Chris Drury, Vaclav Prospal, Alexei Kovalev, Dustin Byfuglien

% Time on Ice - Capitals

Lines # - Real PCT - Wanted PCT - Time Play
Normal Forward
1 - 33% - 40% - 14:34
2 - 31% - 30% - 13:35
3 - 23% - 20% - 10:17
4 - 13% - 10% - 5:36
Normal Defense
1 - 35% - 40% - 15:36
2 - 35% - 30% - 15:29
3 - 19% - 20% - 8:24
4 - 10% - 10% - 4:33
PP Forward
1 - 59% - 60% - 4:43
2 - 41% - 40% - 3:19
PP Defense
1 - 64% - 60% - 5:07
2 - 36% - 40% - 2:55
PK Forward
1 - 73% - 60% - 5:47
2 - 27% - 40% - 2:09
PK Defense
1 - 56% - 60% - 4:27
2 - 44% - 40% - 3:29
PK3 Forward
1 - 0% - 60%
2 - 0% - 40%
PK3 Defense
1 - 0% - 60%
2 - 0% - 40%
44 Forward
1 - 0% - 60%
2 - 0% - 40%
44 Defense
1 - 0% - 60%
2 - 0% - 40%
Last Minute Offensive  - 0:00
Last Minute Defensive  - 0:00
Total
Forward - 60:00
Defense - 60:00

% Time on Ice - Nordiques

Lines # - Real PCT - Wanted PCT - Time Play
Normal Forward
1 - 33% - 40% - 14:20
2 - 26% - 30% - 11:28
3 - 20% - 20% - 8:57
4 - 21% - 10% - 9:17
Normal Defense
1 - 40% - 40% - 17:41
2 - 32% - 30% - 14:09
3 - 25% - 20% - 10:53
4 - 3% - 10% - 1:19
PP Forward
1 - 55% - 60% - 4:24
2 - 45% - 40% - 3:32
PP Defense
1 - 65% - 60% - 5:11
2 - 35% - 40% - 2:45
PK Forward
1 - 72% - 60% - 5:46
2 - 28% - 40% - 2:16
PK Defense
1 - 64% - 60% - 5:10
2 - 36% - 40% - 2:52
PK3 Forward
1 - 0% - 60%
2 - 0% - 40%
PK3 Defense
1 - 0% - 60%
2 - 0% - 40%
44 Forward
1 - 0% - 60%
2 - 0% - 40%
44 Defense
1 - 0% - 60%
2 - 0% - 40%
Last Minute Offensive  - 0:00
Last Minute Defensive  - 0:00
Total
Forward - 60:00
Defense - 60:00

Play by Play

1st period


0:01 of 1st period - Chris Drury wins face-off versus Pavel Datsyuk in neutral zone.
0:28 of 1st period - Wrist shot by Dustin Byfuglien.
0:28 of 1st period - Deflect By Vaclav Prospal.
0:28 of 1st period - Shot Misses the Net.
0:28 of 1st period - Puck is out of play.
0:29 of 1st period - Vaclav Prospal wins face-off versus Brad Richards in Capitals zone.
0:38 of 1st period - Wrist shot by Jakub Voracek.
0:38 of 1st period - Stopped by Martin Brodeur without a rebound.
0:39 of 1st period - Rich Peverley wins face-off versus Tyler Johnson in Nordiques zone.
0:48 of 1st period - Slapshot by Miroslav Satan.
0:48 of 1st period - Shot Blocked by Patrik Elias.
0:53 of 1st period - Off-side.
0:54 of 1st period - Pavel Datsyuk wins face-off versus Jarret Stoll in neutral zone.
1:05 of 1st period - Wrist shot by Ryan Callahan.
1:05 of 1st period - Shot Blocked by Pascal Dupuis.
1:07 of 1st period - Snap shot by Mark Streit.
1:07 of 1st period - Shot Blocked by Fedor Tyutin.
1:09 of 1st period - Backhand shot by Ryan Callahan.
1:09 of 1st period - Stopped by Martin Brodeur with a rebound.
1:35 of 1st period - Wrist shot by Nikolai Kulemin.
1:35 of 1st period - Stopped by Jaroslav Halak without a rebound.
1:36 of 1st period - Pavel Datsyuk wins face-off versus Chris Drury in Capitals zone.
1:58 of 1st period - Icing by Fedor Tyutin.
1:59 of 1st period - Chris Drury wins face-off versus Brad Richards in Nordiques zone.
2:45 of 1st period - Minor Penalty to Marek Zidlicky for Tripping.
2:46 of 1st period - Chris Drury wins face-off versus Pavel Datsyuk in Capitals zone.
2:58 of 1st period - Snap shot by Chris Drury.
2:58 of 1st period - Shot Blocked by Pavel Datsyuk.
4:45 of 1st period - Penalty to Marek Zidlicky is over, Marek Zidlicky is back on ice.
4:52 of 1st period - Brent Seabrook is hit by Jarret Stoll and loses puck.
5:29 of 1st period - Snap shot by Thomas Vanek.
5:29 of 1st period - Stopped by Martin Brodeur with a rebound.
6:52 of 1st period - Matt Moulson is hit by Brad Richards and loses puck.
7:31 of 1st period - Icing by Keith Yandle.
7:32 of 1st period - Brad Richards wins face-off versus Jarret Stoll in Capitals zone.
7:32 of 1st period - Brad Richards is hit by Jarret Stoll.
7:52 of 1st period - Snap shot by R.J. Umberger.
7:52 of 1st period - Stopped by Jaroslav Halak without a rebound.
7:53 of 1st period - Pavel Datsyuk wins face-off versus Chris Drury in Capitals zone.
8:16 of 1st period - Snap shot by R.J. Umberger.
8:16 of 1st period - Deflect By Marek Zidlicky.
8:16 of 1st period - Stopped by Jaroslav Halak without a rebound.
8:17 of 1st period - Brad Richards wins face-off versus Vaclav Prospal in Capitals zone.
8:24 of 1st period - Off-side.
8:25 of 1st period - Vaclav Prospal wins face-off versus Pavel Datsyuk in neutral zone.
8:28 of 1st period - Slapshot by Fedor Tyutin.
8:28 of 1st period - Deflect By Vaclav Prospal.
8:28 of 1st period - Stopped by Jaroslav Halak with a rebound.
8:30 of 1st period - Wrist shot by Matt Moulson.
8:30 of 1st period - Shot Misses the Net.
8:32 of 1st period - Snap shot by Matt Moulson.
8:32 of 1st period - Deflect By Vaclav Prospal.
8:32 of 1st period - Shot Misses the Net.
8:32 of 1st period - Puck is out of play.
8:33 of 1st period - Pavel Datsyuk wins face-off versus Vaclav Prospal in Capitals zone.
8:38 of 1st period - Snap shot by Thomas Vanek.
8:38 of 1st period - Shot Misses the Net.
8:58 of 1st period - Alexei Kovalev is hit by James Neal and loses puck.
9:24 of 1st period - Slapshot by Nikolai Kulemin.
9:24 of 1st period - Deflect By Jarret Stoll.
9:24 of 1st period - Stopped by Jaroslav Halak with a rebound.
9:26 of 1st period - Snap shot by Pascal Dupuis.
9:26 of 1st period - Shot Misses the Net.
9:28 of 1st period - Slapshot by Mark Eaton.
9:28 of 1st period - Deflect By Jarret Stoll.
9:28 of 1st period - Deflect By Patrik Elias.
9:28 of 1st period - Shot Misses the Net.
9:28 of 1st period - Puck is out of play.
9:29 of 1st period - Chris Drury wins face-off versus Pavel Datsyuk in Capitals zone.
9:42 of 1st period - Wrist shot by Chris Drury.
9:42 of 1st period - Stopped by Jaroslav Halak with a rebound.
9:44 of 1st period - Wrist shot by Niclas Wallin.
9:44 of 1st period - Deflect By Alexei Kovalev.
9:44 of 1st period - Goal by Alexei Kovalev - Capitals : 0 - Nordiques : 1.
9:45 of 1st period - Brad Richards wins face-off versus Vaclav Prospal in neutral zone.
9:48 of 1st period - Dustin Byfuglien is hit by James Neal and loses puck.
10:18 of 1st period - Snap shot by Pavel Datsyuk.
10:18 of 1st period - Shot Blocked by R.J. Umberger.
10:20 of 1st period - Snap shot by Phil Kessel.
10:20 of 1st period - Shot Hit the Post.
10:22 of 1st period - Snap shot by Thomas Vanek.
10:22 of 1st period - Shot Blocked by Toni Lydman.
10:24 of 1st period - Slapshot by Brian Campbell.
10:24 of 1st period - Stopped by Martin Brodeur with a rebound.
10:26 of 1st period - Slapshot by Pavel Datsyuk.
10:26 of 1st period - Shot Misses the Net.
10:50 of 1st period - Wrist shot by Chris Drury.
10:50 of 1st period - Shot Misses the Net.
10:52 of 1st period - Snap shot by Fedor Tyutin.
10:52 of 1st period - Deflect By Marek Zidlicky.
10:52 of 1st period - Stopped by Jaroslav Halak with a rebound.
10:54 of 1st period - Snap shot by R.J. Umberger.
10:54 of 1st period - Deflect By Chris Drury.
10:54 of 1st period - Shot Misses the Net.
10:54 of 1st period - Puck is out of play.
10:55 of 1st period - Pavel Datsyuk wins face-off versus Vaclav Prospal in Capitals zone.
10:55 of 1st period - Pavel Datsyuk is hit by Matt Moulson.
11:22 of 1st period - Shane Hnidy is hit by Jakub Voracek and loses puck.
11:43 of 1st period - Shane Hnidy is hit by Pavel Datsyuk and loses puck.
12:24 of 1st period - Slapshot by Toni Lydman.
12:24 of 1st period - Shot Misses the Net.
12:38 of 1st period - Pavel Datsyuk is hit by R.J. Umberger and loses puck.
12:55 of 1st period - Wrist shot by Patrik Elias.
12:55 of 1st period - Stopped by Martin Brodeur without a rebound.
12:56 of 1st period - Jarret Stoll wins face-off versus Tyler Johnson in Nordiques zone.
13:07 of 1st period - Backhand shot by Johan Franzen.
13:07 of 1st period - Stopped by Martin Brodeur with a rebound.
13:09 of 1st period - Slapshot by Marek Zidlicky.
13:09 of 1st period - Stopped by Martin Brodeur without a rebound.
13:10 of 1st period - Pavel Datsyuk wins face-off versus Chris Drury in Nordiques zone.
13:15 of 1st period - Snap shot by Pavel Datsyuk.
13:15 of 1st period - Stopped by Martin Brodeur without a rebound.
13:16 of 1st period - Pavel Datsyuk wins face-off versus Chris Drury in Nordiques zone.
13:19 of 1st period - Snap shot by Phil Kessel.
13:19 of 1st period - Deflect By Chris Drury.
13:19 of 1st period - Shot Misses the Net.
13:19 of 1st period - Puck is out of play.
13:20 of 1st period - Chris Drury wins face-off versus Pavel Datsyuk in Nordiques zone.
13:20 of 1st period - Chris Drury is hit by Phil Kessel.
14:18 of 1st period - Snap shot by R.J. Umberger.
14:18 of 1st period - Shot Misses the Net.
14:20 of 1st period - Slapshot by R.J. Umberger.
14:20 of 1st period - Goal by R.J. Umberger - Capitals : 0 - Nordiques : 2.
14:21 of 1st period - Brad Richards wins face-off versus Vaclav Prospal in neutral zone.
14:46 of 1st period - Patrik Elias is hit by Jarret Stoll and loses puck.
15:15 of 1st period - Niclas Wallin is hit by Mark Streit and loses puck.
15:44 of 1st period - Snap shot by Dustin Byfuglien.
15:44 of 1st period - Shot Misses the Net.
16:52 of 1st period - Icing by Miroslav Satan.
16:53 of 1st period - Pavel Datsyuk wins face-off versus Rich Peverley in Nordiques zone.
17:18 of 1st period - Matt Moulson is hit by James Neal and loses puck.
18:01 of 1st period - Slapshot by R.J. Umberger.
18:01 of 1st period - Stopped by Jaroslav Halak without a rebound.
18:02 of 1st period - Pavel Datsyuk wins face-off versus Chris Drury in Capitals zone.
18:02 of 1st period - Pavel Datsyuk is hit by Fedor Tyutin.
18:39 of 1st period - Wrist shot by Dustin Byfuglien.
18:39 of 1st period - Goal by Dustin Byfuglien - Capitals : 0 - Nordiques : 3.
18:40 of 1st period - Chris Drury wins face-off versus Brad Richards in neutral zone.
18:43 of 1st period - Brad Richards is hit by Fedor Tyutin and loses puck.
19:34 of 1st period - Slapshot by Brent Seabrook.
19:34 of 1st period - Shot Misses the Net.
19:36 of 1st period - Slapshot by Brent Seabrook.
19:36 of 1st period - Shot Blocked by Niklas Kronwall.
19:48 of 1st period - Slapshot by Ryan Callahan.
19:48 of 1st period - Stopped by Martin Brodeur without a rebound.
19:49 of 1st period - Jarret Stoll wins face-off versus Pavel Datsyuk in Nordiques zone.
Goals for this period are 0 for Capitals vs 3 for Nordiques.
Shots for this period are 9 for Capitals vs 11 for Nordiques.

2nd period


0:01 of 2nd period - Chris Drury wins face-off versus Pavel Datsyuk in neutral zone.
0:03 of 2nd period - Off-side.
0:04 of 2nd period - Chris Drury wins face-off versus Pavel Datsyuk in neutral zone.
0:14 of 2nd period - Pavel Datsyuk is hit by R.J. Umberger and loses puck.
1:05 of 2nd period - Wrist shot by Johan Franzen.
1:05 of 2nd period - Stopped by Martin Brodeur with a rebound.
1:15 of 2nd period - Nikolai Kulemin is hit by Marek Zidlicky and loses puck.
2:18 of 2nd period - Icing by Dustin Byfuglien.
2:19 of 2nd period - Brad Richards wins face-off versus Rich Peverley in Nordiques zone.
2:43 of 2nd period - Minor Penalty to Niklas Kronwall for Holding.
2:44 of 2nd period - R.J. Umberger wins face-off versus Pavel Datsyuk in Nordiques zone.
3:58 of 2nd period - Pavel Datsyuk is hit by Fedor Tyutin and loses puck.
4:34 of 2nd period - Jarret Stoll is hit by Ryan Callahan and loses puck.
4:43 of 2nd period - Penalty to Niklas Kronwall is over, Niklas Kronwall is back on ice.
5:18 of 2nd period - Icing by Kyle Calder.
5:19 of 2nd period - Chris Drury wins face-off versus Pavel Datsyuk in Nordiques zone.
5:32 of 2nd period - Ryan Callahan is hit by Kyle Calder and loses puck.
5:47 of 2nd period - Marek Zidlicky is hit by Vaclav Prospal and loses puck.
7:09 of 2nd period - Ryan Callahan is hit by Chris Drury and loses puck.
7:38 of 2nd period - Niklas Kronwall is hit by Phil Kessel and loses puck.
7:49 of 2nd period - James Neal is hit by Dustin Byfuglien and loses puck.
8:14 of 2nd period - Fedor Tyutin is hit by Patrik Elias.
8:24 of 2nd period - Thomas Vanek is hit by Kyle Calder and loses puck.
8:42 of 2nd period - Ryan Callahan is hit by Dustin Byfuglien and loses puck.
8:57 of 2nd period - Pascal Dupuis is hit by Brent Seabrook and loses puck.
9:14 of 2nd period - Icing by Fedor Tyutin.
9:15 of 2nd period - Brad Richards wins face-off versus Dustin Byfuglien in Nordiques zone.
9:27 of 2nd period - Brian Campbell is hit by Matt Moulson and loses puck.
9:42 of 2nd period - Miroslav Satan is hit by Patrik Elias and loses puck.
9:51 of 2nd period - Keith Yandle is hit by Rich Peverley.
10:02 of 2nd period - Off-side.
10:03 of 2nd period - Chris Drury wins face-off versus Ryan Callahan in neutral zone.
10:08 of 2nd period - Slapshot by Fedor Tyutin.
10:08 of 2nd period - Shot Blocked by Brian Campbell.
10:10 of 2nd period - Slapshot by Chris Drury.
10:10 of 2nd period - Stopped by Jaroslav Halak with a rebound.
10:12 of 2nd period - Snap shot by R.J. Umberger.
10:12 of 2nd period - Goal by R.J. Umberger - Capitals : 0 - Nordiques : 4.
10:12 of 2nd period - Tim Thomas enters game.
10:13 of 2nd period - Chris Drury wins face-off versus Pavel Datsyuk in neutral zone.
10:18 of 2nd period - Wrist shot by Alexei Kovalev.
10:18 of 2nd period - Stopped by Tim Thomas without a rebound.
10:19 of 2nd period - Pavel Datsyuk wins face-off versus R.J. Umberger in Capitals zone.
10:41 of 2nd period - Minor Penalty to Fedor Tyutin for Hooking.
10:42 of 2nd period - Pavel Datsyuk wins face-off versus R.J. Umberger in Nordiques zone.
10:43 of 2nd period - Wrist shot by Thomas Vanek.
10:43 of 2nd period - Stopped by Martin Brodeur with a rebound.
11:13 of 2nd period - Mark Eaton is hit by Marek Zidlicky and loses puck.
12:41 of 2nd period - Penalty to Fedor Tyutin is over, Fedor Tyutin is back on ice.
12:49 of 2nd period - Slapshot by R.J. Umberger.
12:49 of 2nd period - Shot Blocked by James Neal.
12:57 of 2nd period - Toni Lydman is hit by Brian Campbell and loses puck.
13:20 of 2nd period - Mark Streit is hit by Vaclav Prospal and loses puck.
13:44 of 2nd period - Brent Seabrook is hit by Miroslav Satan and loses puck.
14:24 of 2nd period - Phil Kessel is hit by Jarret Stoll and loses puck.
14:39 of 2nd period - Matt Moulson is hit by Patrik Elias and loses puck.
14:59 of 2nd period - Miroslav Satan is hit by Tyler Johnson and loses puck.
15:32 of 2nd period - Wrist shot by Jakub Voracek.
15:32 of 2nd period - Goal by Jakub Voracek - Capitals : 1 - Nordiques : 4.
15:33 of 2nd period - Chris Drury wins face-off versus Pavel Datsyuk in neutral zone.
15:38 of 2nd period - Backhand shot by Mark Eaton.
15:38 of 2nd period - Deflect By Pavel Datsyuk.
15:38 of 2nd period - Stopped by Tim Thomas without a rebound.
15:39 of 2nd period - Pavel Datsyuk wins face-off versus Chris Drury in Capitals zone.
16:05 of 2nd period - Icing by Dustin Byfuglien.
16:06 of 2nd period - Vaclav Prospal wins face-off versus Tyler Johnson in Nordiques zone.
16:06 of 2nd period - Vaclav Prospal is hit by Brent Seabrook.
16:13 of 2nd period - Off-side.
16:14 of 2nd period - Pavel Datsyuk wins face-off versus Chris Drury in neutral zone.
16:29 of 2nd period - Wrist shot by Alexei Kovalev.
16:29 of 2nd period - Stopped by Tim Thomas with a rebound.
16:31 of 2nd period - Slapshot by Alexei Kovalev.
16:31 of 2nd period - Stopped by Tim Thomas with a rebound.
17:06 of 2nd period - Snap shot by Brad Richards.
17:06 of 2nd period - Shot Misses the Net.
17:36 of 2nd period - Snap shot by Jarret Stoll.
17:36 of 2nd period - Shot Misses the Net.
17:59 of 2nd period - Icing by Niklas Kronwall.
18:00 of 2nd period - Rich Peverley wins face-off versus Pavel Datsyuk in Nordiques zone.
18:00 of 2nd period - Kyle Calder is hit by Ryan Callahan and loses puck.
18:11 of 2nd period - Ryan Callahan is hit by Rich Peverley and loses puck.
18:22 of 2nd period - Minor Penalty to Pavel Datsyuk for Interference.
18:23 of 2nd period - Ryan Callahan wins face-off versus Alexei Kovalev in Capitals zone.
18:32 of 2nd period - Brent Seabrook is hit by R.J. Umberger and loses puck.
Goals for this period are 1 for Capitals vs 1 for Nordiques.
Shots for this period are 3 for Capitals vs 6 for Nordiques.

3rd period


0:01 of 3rd period - Alexei Kovalev wins face-off versus Ryan Callahan in neutral zone.
0:12 of 3rd period - Snap shot by Alexei Kovalev.
0:12 of 3rd period - Stopped by Tim Thomas with a rebound.
0:14 of 3rd period - Wrist shot by R.J. Umberger.
0:14 of 3rd period - Stopped by Tim Thomas with a rebound.
0:16 of 3rd period - Slapshot by Mark Eaton.
0:16 of 3rd period - Shot Hit the Post.
0:22 of 3rd period - Penalty to Pavel Datsyuk is over, Pavel Datsyuk is back on ice.
0:31 of 3rd period - Wrist shot by Niclas Wallin.
0:31 of 3rd period - Shot Blocked by Patrik Elias.
0:33 of 3rd period - Slapshot by Toni Lydman.
0:33 of 3rd period - Stopped by Tim Thomas with a rebound.
0:35 of 3rd period - Slapshot by Toni Lydman.
0:35 of 3rd period - Stopped by Tim Thomas without a rebound.
0:36 of 3rd period - Chris Drury wins face-off versus Pavel Datsyuk in Capitals zone.
0:37 of 3rd period - Wrist shot by R.J. Umberger.
0:37 of 3rd period - Shot Blocked by Pavel Datsyuk.
1:01 of 3rd period - Snap shot by Vaclav Prospal.
1:01 of 3rd period - Deflect By Dustin Byfuglien.
1:01 of 3rd period - Stopped by Tim Thomas without a rebound.
1:02 of 3rd period - Brad Richards wins face-off versus Vaclav Prospal in Capitals zone.
1:06 of 3rd period - Off-side.
1:07 of 3rd period - Chris Drury wins face-off versus Pavel Datsyuk in neutral zone.
2:05 of 3rd period - Slapshot by Mark Streit.
2:05 of 3rd period - Stopped by Martin Brodeur with a rebound.
2:07 of 3rd period - Minor Penalty to Jarret Stoll for Hooking.
2:08 of 3rd period - Pavel Datsyuk wins face-off versus R.J. Umberger in Nordiques zone.
2:09 of 3rd period - Backhand shot by Thomas Vanek.
2:09 of 3rd period - Shot Hit the Post.
2:11 of 3rd period - Snap shot by Marek Zidlicky.
2:11 of 3rd period - Stopped by Martin Brodeur without a rebound.
2:12 of 3rd period - Johan Franzen wins face-off versus R.J. Umberger in Nordiques zone.
2:13 of 3rd period - Snap shot by Pavel Datsyuk.
2:13 of 3rd period - Goal by Pavel Datsyuk - Capitals : 2 - Nordiques : 4.
2:14 of 3rd period - Thomas Vanek wins face-off versus Chris Drury in neutral zone.
2:28 of 3rd period - Off-side.
2:29 of 3rd period - Brad Richards wins face-off versus Dustin Byfuglien in neutral zone.
2:34 of 3rd period - Slapshot by James Neal.
2:34 of 3rd period - Stopped by Martin Brodeur without a rebound.
2:35 of 3rd period - Brad Richards wins face-off versus Vaclav Prospal in Nordiques zone.
2:49 of 3rd period - Minor Penalty to Brad Richards for Roughing.
2:50 of 3rd period - Chris Drury wins face-off versus Pavel Datsyuk in Capitals zone.
2:54 of 3rd period - Slapshot by Chris Drury.
2:54 of 3rd period - Stopped by Tim Thomas with a rebound.
2:56 of 3rd period - Backhand shot by Fedor Tyutin.
2:56 of 3rd period - Shot Blocked by Brent Seabrook.
2:58 of 3rd period - Slapshot by Alexei Kovalev.
2:58 of 3rd period - Shot Misses the Net.
3:00 of 3rd period - Snap shot by Alexei Kovalev.
3:00 of 3rd period - Shot Misses the Net.
3:02 of 3rd period - Slapshot by Mark Eaton.
3:02 of 3rd period - Stopped by Tim Thomas with a rebound.
3:56 of 3rd period - Snap shot by Toni Lydman.
3:56 of 3rd period - Shot Blocked by Marek Zidlicky.
4:49 of 3rd period - Penalty to Brad Richards is over, Brad Richards is back on ice.
5:19 of 3rd period - Off-side.
5:20 of 3rd period - Pavel Datsyuk wins face-off versus Jarret Stoll in neutral zone.
6:11 of 3rd period - Minor Penalty to Dustin Byfuglien for Slashing.
6:12 of 3rd period - R.J. Umberger wins face-off versus Pavel Datsyuk in Nordiques zone.
6:21 of 3rd period - Slapshot by Brent Seabrook.
6:21 of 3rd period - Deflect By Thomas Vanek.
6:21 of 3rd period - Stopped by Martin Brodeur with a rebound.
6:23 of 3rd period - Snap shot by Pavel Datsyuk.
6:23 of 3rd period - Shot Hit the Post.
6:25 of 3rd period - Snap shot by Mark Streit.
6:25 of 3rd period - Deflect By Pavel Datsyuk.
6:25 of 3rd period - Stopped by Martin Brodeur without a rebound.
6:26 of 3rd period - Pavel Datsyuk wins face-off versus R.J. Umberger in Nordiques zone.
6:37 of 3rd period - Snap shot by Pavel Datsyuk.
6:37 of 3rd period - Stopped by Martin Brodeur without a rebound.
6:38 of 3rd period - Pavel Datsyuk wins face-off versus R.J. Umberger in Nordiques zone.
6:39 of 3rd period - Wrist shot by Brent Seabrook.
6:39 of 3rd period - Stopped by Martin Brodeur with a rebound.
6:41 of 3rd period - Slapshot by Mark Streit.
6:41 of 3rd period - Stopped by Martin Brodeur without a rebound.
6:42 of 3rd period - Pavel Datsyuk wins face-off versus R.J. Umberger in Nordiques zone.
6:43 of 3rd period - Wrist shot by Johan Franzen.
6:43 of 3rd period - Shot Misses the Net.
6:45 of 3rd period - Slapshot by Mark Streit.
6:45 of 3rd period - Stopped by Martin Brodeur without a rebound.
6:46 of 3rd period - R.J. Umberger wins face-off versus Pavel Datsyuk in Nordiques zone.
6:59 of 3rd period - Backhand shot by Brent Seabrook.
6:59 of 3rd period - Stopped by Martin Brodeur without a rebound.
7:00 of 3rd period - Pavel Datsyuk wins face-off versus R.J. Umberger in Nordiques zone.
7:31 of 3rd period - Snap shot by Patrik Elias.
7:31 of 3rd period - Shot Blocked by Mark Eaton.
7:33 of 3rd period - Slapshot by Mark Streit.
7:33 of 3rd period - Shot Misses the Net.
7:35 of 3rd period - Snap shot by Ryan Callahan.
7:35 of 3rd period - Stopped by Martin Brodeur with a rebound.
7:37 of 3rd period - Slapshot by Ryan Callahan.
7:37 of 3rd period - Shot Misses the Net.
7:48 of 3rd period - Icing by Pavel Datsyuk.
7:49 of 3rd period - R.J. Umberger wins face-off versus Pavel Datsyuk in Capitals zone.
8:11 of 3rd period - Penalty to Dustin Byfuglien is over, Dustin Byfuglien is back on ice.
8:16 of 3rd period - Minor Penalty to Miroslav Satan for Hooking.
8:17 of 3rd period - R.J. Umberger wins face-off versus Pavel Datsyuk in Nordiques zone.
8:26 of 3rd period - Snap shot by Pavel Datsyuk.
8:26 of 3rd period - Shot Blocked by Mark Eaton.
8:28 of 3rd period - Slapshot by Brent Seabrook.
8:28 of 3rd period - Stopped by Martin Brodeur with a rebound.
9:58 of 3rd period - Mark Eaton is hit by Phil Kessel and loses puck.
10:16 of 3rd period - Penalty to Miroslav Satan is over, Miroslav Satan is back on ice.
10:23 of 3rd period - Snap shot by Vaclav Prospal.
10:23 of 3rd period - Shot Misses the Net.
11:31 of 3rd period - Brad Richards is hit by Mark Eaton and loses puck.
11:44 of 3rd period - Patrik Elias is hit by Matt Moulson and loses puck.
12:03 of 3rd period - Snap shot by Jarret Stoll.
12:03 of 3rd period - Stopped by Tim Thomas without a rebound.
12:04 of 3rd period - Jarret Stoll wins face-off versus Brad Richards in Capitals zone.
12:07 of 3rd period - Snap shot by Jarret Stoll.
12:07 of 3rd period - Shot Misses the Net.
12:09 of 3rd period - Snap shot by Shane Hnidy.
12:09 of 3rd period - Shot Blocked by Mark Giordano.
12:17 of 3rd period - Snap shot by Nikolai Kulemin.
12:17 of 3rd period - Stopped by Tim Thomas with a rebound.
12:40 of 3rd period - Vaclav Prospal is hit by Tyler Johnson and loses puck.
13:16 of 3rd period - Snap shot by Rich Peverley.
13:16 of 3rd period - Shot Blocked by Phil Kessel.
13:18 of 3rd period - Wrist shot by Rich Peverley.
13:18 of 3rd period - Shot Misses the Net.
13:20 of 3rd period - Slapshot by Fedor Tyutin.
13:20 of 3rd period - Stopped by Tim Thomas with a rebound.
13:52 of 3rd period - Wrist shot by Matt Moulson.
13:52 of 3rd period - Shot Misses the Net.
13:54 of 3rd period - Snap shot by Matt Moulson.
13:54 of 3rd period - Goal by Matt Moulson - Capitals : 2 - Nordiques : 5.
13:55 of 3rd period - Thomas Vanek wins face-off versus Chris Drury in neutral zone.
14:02 of 3rd period - Backhand shot by Pavel Datsyuk.
14:02 of 3rd period - Stopped by Martin Brodeur without a rebound.
14:03 of 3rd period - Alexei Kovalev wins face-off versus Pavel Datsyuk in Nordiques zone.
14:03 of 3rd period - Alexei Kovalev is hit by Mark Streit.
14:10 of 3rd period - Minor Penalty to Thomas Vanek for Slashing.
14:11 of 3rd period - Pavel Datsyuk wins face-off versus Chris Drury in Capitals zone.
14:20 of 3rd period - Slapshot by Mark Eaton.
14:20 of 3rd period - Deflect By R.J. Umberger.
14:20 of 3rd period - Stopped by Tim Thomas with a rebound.
14:22 of 3rd period - Slapshot by Mark Eaton.
14:22 of 3rd period - Shot Misses the Net.
14:28 of 3rd period - Snap shot by Alexei Kovalev.
14:28 of 3rd period - Shot Misses the Net.
15:19 of 3rd period - Icing by Alexei Kovalev.
15:20 of 3rd period - Pavel Datsyuk wins face-off versus Chris Drury in Nordiques zone.
15:35 of 3rd period - Vaclav Prospal is hit by Ryan Callahan and loses puck.
16:10 of 3rd period - Penalty to Thomas Vanek is over, Thomas Vanek is back on ice.
16:30 of 3rd period - Off-side.
16:31 of 3rd period - Brad Richards wins face-off versus Jarret Stoll in neutral zone.
17:43 of 3rd period - Slapshot by Rich Peverley.
17:43 of 3rd period - Stopped by Tim Thomas without a rebound.
17:44 of 3rd period - Chris Drury wins face-off versus Pavel Datsyuk in Capitals zone.
17:55 of 3rd period - Slapshot by Chris Drury.
17:55 of 3rd period - Shot Blocked by Ryan Callahan.
18:01 of 3rd period - Pavel Datsyuk is hit by Chris Drury.
18:32 of 3rd period - Snap shot by Pascal Dupuis.
18:32 of 3rd period - Shot Misses the Net.
18:34 of 3rd period - Wrist shot by Pascal Dupuis.
18:34 of 3rd period - Stopped by Tim Thomas without a rebound.
18:35 of 3rd period - Jarret Stoll wins face-off versus Tyler Johnson in Capitals zone.
19:00 of 3rd period - Niclas Wallin is hit by Brent Seabrook and loses puck.
Goals for this period are 1 for Capitals vs 1 for Nordiques.
Shots for this period are 14 for Capitals vs 14 for Nordiques.